 Dungeon Crawl Stone Soup version 0.19.0-22-gd96e5fe (webtiles) character file.

255 smedtjen the Firebug (level 5, -2/39 HPs)
             Began as a Demigod Fire Elementalist on Nov 18, 2016.
             Slain by Grinder (6 damage)
             ... on level 4 of the Dungeon.
             The game lasted 00:29:41 (5031 turns).

smedtjen the Firebug (Demigod Fire Elementalist)    Turns: 5031, Time: 00:29:42

Health: -2/39      AC:  3    Str: 14    XL:     5   Next: 60%
Magic:  0/12       EV: 13    Int: 26    God:
Gold:   155        SH:  0    Dex: 16    Spells: 4 memorised, 1 level left

rFire  . . .     SeeInvis .     s - +3 dagger
rCold  . . .     Gourm    .     a - +0 robe
rNeg   . . .     Faith    .     (no shield)
rPois  .         Spirit   .     (no helmet)
rElec  .         Reflect  .     (no cloak)
rCorr  .         Harm     .     l - +0 pair of gloves
MR     .....                    (no boots)
Stlth  ++........               (no amulet)
                                B - ring of wizardry
                                t - +3 ring of strength

@: brilliant
A: high mp 1
a: no special abilities


You were on level 4 of the Dungeon.
You were hungry.

You visited 1 branch of the dungeon, and saw 4 of its levels.

You collected 155 gold pieces.

Inventory:

Hand Weapons
 g - a +0 mace
 i - a +0 longbow
 k - a -3 hunting sling
 s - a +3 dagger (weapon)
 v - a +0 dagger
 w - a +3 dagger of venom
 z - a +3 dagger
Missiles
 q - 25 bolts (quivered)
 r - 77 stones
 y - 6 javelins
Armour
 a - a +0 robe (worn)
 l - a +0 pair of gloves (worn)
Jewellery
 t - a +3 ring of strength (left hand)
 B - a ring of wizardry (right hand)
Scrolls
 e - a scroll of immolation
 h - a scroll of noise
 p - a scroll of magic mapping {unknown}
Potions
 d - 2 potions of flight
 f - 2 potions of heal wounds {unknown}
 o - a potion of berserk rage {unknown}
 u - 2 potions of haste {unknown}
Books
 b - a book of Flames

   Spells                             Type                      Level
   a - Flame Tongue                   Conjuration/Fire             1
   b - Throw Flame                    Conjuration/Fire             2
   c - Conjure Flame                  Conjuration/Fire             3
   d - Inner Flame                    Hexes/Fire                   3
   e - Sticky Flame                   Conjuration/Fire             4
   f - Fireball                       Conjuration/Fire             5
 x - a book of Maledictions

   Spells                             Type                      Level
   a - Corona                         Hexes                        1
   b - Ensorcelled Hibernation        Hexes/Ice                    2
   c - Confuse                        Hexes                        3
   d - Tukima's Dance                 Hexes                        3
   e - Dazzling Spray                 Conjuration/Hexes            3
Comestibles
 c - a bread ration
 j - a meat ration


   Skills:
 + Level 0.5 Fighting
 + Level 0.1 Short Blades
 + Level 0.3 Maces & Flails
 + Level 2.3 Dodging
 + Level 2.4 Stealth
 + Level 3.0 Spellcasting
 + Level 2.1 Conjurations
 + Level 4.1 Fire Magic


You had one spell level left.
You knew the following spells:

 Your Spells              Type           Power        Failure   Level  Hunger
a - Flame Tongue          Conj/Fire      #####        1%          1    None
b - Throw Flame           Conj/Fire      #####.       1%          2    #......
c - Dazzling Spray        Conj/Hex       ####..       2%          3    ###....
d - Tukima's Dance        Hex            ###.....     3%          3    ###....


Dungeon Overview and Level Annotations

Branches:
Dungeon (4/15)
 Temple: D:4-7

Annotations:
D:4 Grinder


Innate Abilities, Weirdness & Mutations

You have an increased reservoir of magic. (+10% MP)


Message History

Grinder is heavily wounded.
Grinder hits you.
You hit Grinder.
Grinder is severely wounded.
Grinder gestures at you. Pain shoots through your body!
* * * LOW HITPOINT WARNING * * *
You feel clever all of a sudden. Grinder hits you!
* * * LOW HITPOINT WARNING * * *
Casting: Flame Tongue
Confirm with . or Enter, or press ? or * to list all spells.
Aiming: Flame Tongue
Press: ? - help, Shift-Dir - straight line, f/p - Grinder
Aim: Grinder (severely wounded)
The flame tongue hits Grinder.
Grinder is almost dead.
Grinder says, "Mostly I couldn't keep them alive."
Grinder hits you.
You die...

#############
#...........#
#...........#
#....@......#
#.....5.....#
#.......###.#
#.......#
+.......+
#.......#
.........
...........


You could see Grinder.

Vanquished Creatures
  A hound (D:3)
  Jessica (D:2)
  Natasha (thrice) (D:2)
  Robin (D:2)
  6 adders
  2 worms (D:2)
  A ball python (D:2)
  3 bats
  2 giant cockroaches
  13 goblins
  4 hobgoblins
  4 jackals (D:1)
  5 kobolds
  A quokka (D:2)
  4 frilled lizards
  A jackal skeleton (D:3)
  8 rats
60 creatures vanquished.

Vanquished Creatures (collateral kills)
  An orc (D:3)
1 creature vanquished.

Vanquished Creatures (others)
  A dancing weapon (D:2)
1 creature vanquished.

Grand Total: 62 creatures vanquished

Notes
Turn   | Place    | Note
-------+----------+-------------------------------------------
     0 | D:1      | smedtjen the Demigod Fire Elementalist began the quest for the Orb.
     0 | D:1      | Reached XP level 1. HP: 14/14 MP: 5/5
   180 | D:1      | Reached skill level 3 in Fire Magic
   188 | D:1      | Reached skill level 1 in Conjurations
   452 | D:1      | Reached XP level 2. HP: 20/20 MP: 5/7
   456 | D:1      | Learned a level 2 spell: Throw Flame
  1475 | D:2      | Reached XP level 3. HP: 26/26 MP: 2/8
  1590 | D:2      | Noticed Natasha
  1606 | D:2      | Killed Natasha
  1872 | D:2      | Noticed Natasha
  1874 | D:2      | Killed Natasha
  1874 | D:2      | Reached XP level 4. HP: 33/33 MP: 3/10
  1902 | D:2      | Noticed Natasha
  1909 | D:2      | Killed Natasha
  2465 | D:2      | Noticed Robin
  2729 | D:2      | Killed Robin
  3229 | D:2      | Noticed Jessica
  3232 | D:2      | Killed Jessica
  3232 | D:2      | Reached XP level 5. HP: 39/39 MP: 6/12
  3247 | D:2      | Learned a level 3 spell: Tukima's Dance
  3251 | D:2      | Learned a level 3 spell: Dazzling Spray
  4239 | D:3      | Reached skill level 4 in Fire Magic
  4980 | D:3      | Noticed Grinder
  4997 | D:3      | Paralysed by Grinder for 3 turns
  5031 | D:4      | Slain by Grinder

Skill      XL: |  1  2  3  4  5 |
---------------+----------------+-----
Fire Magic     | 3 4 |  4.1
Conjurations   | 1 2 |  2.1
Dodging        | 2 |  2.3
Stealth        | 2 |  2.4
Spellcasting   | 2 3 |  3.0
Fighting       | |  0.5
Short Blades   | |  0.1
Maces & Flails | |  0.3

Action                   |  1- 3 |  4- 6 || total
-------------------------+-------+-------++-------
Melee: Mace              |     6 |       ||     6
       Dagger            |       |    16 ||    16
 Cast: Flame Tongue      |    34 |    46 ||    80
       Throw Flame       |    10 |    46 ||    56
       Dazzling Spray    |       |     4 ||     4
       Tukima's Dance    |       |     3 ||     3
  Use: Scroll            |     5 |     4 ||     9
       Potion            |       |     1 ||     1
  Eat: Chunk             |     1 |     1 ||     2
       Bread ration      |     1 |     1 ||     2
       Meat ration       |       |     1 ||     1
Armor: Robe              |     8 |     6 ||    14
Dodge: Dodged            |    24 |    23 ||    47
